 Dungeon Crawl Stone Soup version 0.30.0-29-ga12c61a403 (webtiles) character file.

Game seed: 18174035914034644876

93 cheesebisquit the Chopper (level 4, -5/41 HPs)
             Began as a Hill Orc Fighter on June 10, 2023.
             Killed from afar by Ijyb (12 damage)
             ... with a bolt of light
             ... on level 3 of the Dungeon.
             The game lasted 00:05:12 (1888 turns).

cheesebisquit the Chopper (Hill Orc Fighter)        Turns: 1888, Time: 00:05:12

Health: -5/41      AC: 18    Str: 20    XL:     4   Next: 61%
Magic:  4/4        EV:  9    Int:  8    God:
Gold:   29         SH:  4    Dex: 10    Spells: 3/3 levels left

rFire   . . .        a - +0 war axe (protect)
rCold   . . .        c - +0 buckler
rNeg    . . .        b - +0 scale mail
rPois   .            p - +0 helmet
rElec   .            (no cloak)
rCorr   .            o - +2 pair of gloves
SInv    .            (no boots)
Will    .....        (no amulet) Stlth
                     (no ring)
HPRegen 0.26/turn    (no ring)
MPRegen 0.09/turn

%: no passive effects
@: mighty, under a protective aura
A: no striking features
a: no special abilities


You were on level 3 of the Dungeon.
You visited 1 branch of the dungeon, and saw 3 of its levels.

You collected 124 gold pieces.
You spent 95 gold pieces at shops.

Inventory:

Hand Weapons
 a - a +0 war axe of protection (weapon)
Armour
 b - a +0 scale mail (worn)
 c - a +0 buckler (worn)
 o - a +2 pair of gloves (worn)
 p - a +0 helmet (worn)
Scrolls
 e - 2 scrolls of silence {unknown}
 h - 4 scrolls of identify {unknown}
 i - a scroll of teleportation {unknown}
 m - 2 scrolls of noise {unknown}
 n - a scroll of fear {unknown}
 q - a scroll of enchant weapon {unknown}
Potions
 d - a potion of might
 f - 4 potions of curing {unknown}
 g - a potion of resistance {unknown}
 j - a potion of flight {unknown}
 k - 2 potions of lignification {unknown}
 l - a potion of ambrosia {unknown}


   Skills:
 + Level 4.3 Fighting
 * Level 4.4 Axes
 + Level 3.8 Armour
 + Level 3.9 Shields


You had 3 spell levels left.
You didn't know any spells.
Your spell library contained the following spells:

 Spells                   Type           Power      Damage    Failure   Level
 Ignite Poison            Fire/Tmut/Pois 0%         N/A       99%         3
 Sticky Flame             Conj/Fire      0%         2d3       100%        4
 Ignition                 Fire           0%         3d3       100%        8


Dungeon Overview and Level Annotations

Branches:
Dungeon (3/15)

Altars:

Shops:
D:2 ?=[?

Annotations:
D:3 Ijyb


Message History

You closely miss the gnoll.
The gnoll is heavily wounded.
You slash the gnoll! x2
You kill the gnoll!
You hit the giant cockroach. The gnoll hits you but does no damage.
You block the gnoll's attack. The gnoll hits you but does no damage.
The giant cockroach barely misses you.
The gnoll hits you from afar with a +0 halberd.
The gnoll hits you but does no damage. The gnoll hits you with a +0 spear.
You closely miss Ijyb. You hit the gnoll but do no damage.
You barely miss the giant cockroach. You hit the gnoll but do no damage.
The giant cockroach bites you but does no damage. x2
The gnoll hits you with a +0 whip. The gnoll closely misses you.
The gnoll hits you but does no damage. Ijyb hits you with a +0 dagger.
You feel very mighty all of a sudden. The giant cockroach closely misses you.
You block the gnoll's attack.
The gnoll hits you from afar with a +0 halberd.
The gnoll barely misses you.
Ijyb grins evilly.
Ijyb hits you but does no damage.
You hit Ijyb.
Ijyb is lightly wounded.
You hit the giant cockroach.
You kill the giant cockroach!
You slash the gnoll!
You kill the gnoll!
You hit the gnoll.
You kill the gnoll!
You block the gnoll's attack. You block Ijyb's attack.
You slash Ijyb!
Ijyb is severely wounded.
The gnoll hits you from afar with a +0 halberd!
* * * LOW HITPOINT WARNING * * *
Ijyb completely misses you. You block the gnoll's attack.
Ijyb hits you but does no damage.
You barely miss Ijyb.
Ijyb is severely wounded.
The gnoll hits you but does no damage.
Ijyb zaps a wand.
The bolt of light hits you!
You die...

# . ### ##) .. ..
# ##.#.# .#
#....#S.##
####†)ggb$$+
###...)@######...
..........)......
###.#....<#.#...#
# #..##...+ # #..
..### #.##### #.
##


You could see Ijyb, a gnoll, a bat and a ball python.

Vanquished Creatures
  3 gnolls (D:3)
  An adder (D:2)
  2 worms (D:2)
  2 dart slugs
  3 endoplasms
  4 giant cockroaches
  2 goblins (D:1)
  3 hobgoblins
  2 jackals (D:1)
  5 quokkas
  3 ball pythons
  2 bats
  4 frilled lizards (D:2)
  6 kobolds
  A rat (D:2)
43 creatures vanquished.

Notes
Turn   | Place    | Note
-------+----------+-------------------------------------------
     0 | D:1      | cheesebisquit the Hill Orc Fighter began the quest for the
                  | Orb.
     0 | D:1      | Reached XP level 1. HP: 19/19 MP: 1/1
   214 | D:1      | Reached XP level 2. HP: 26/27 MP: 2/2
   666 | D:2      | Reached XP level 3. HP: 33/33 MP: 3/3
   913 | D:2      | You fall into a shaft and drop 1 floor!
  1019 | D:2      | Found Dahueg's Magic Scroll Shop.
  1026 | D:2      | Bought a scroll of brand weapon for 95 gold pieces
  1099 | D:2      | Found Qashuoxt's Magic Scroll Emporium.
  1253 | D:2      | Found Pozyg's Armour Shop.
  1323 | D:2      | Found Biqoc's Jewellery Shop.
  1551 | D:2      | Reached XP level 4. HP: 23/40 MP: 4/4
  1880 | D:3      | Noticed Ijyb
  1888 | D:3      | Killed from afar by Ijyb

Illustrated notes

Levels and vault maps discovered:
D:1:      minmay_arrival_arboretum_small, layout_loops_ring, serial_glass,
          glass_columns_a, glass_columns_b, glass_columns_a, glass_columns_a,
          glass_columns_b, glass_columns_b, minmay_tromino_i4
D:2:      layout_basic, serial_shops, shop, nicolae_shop_window_shopping, shop,
          nicolae_shop_pleasant_corner_grove, minmay_misc_feat_more_columns
D:3:      cheibrodos_greedy_goblins, layout_basic, minmay_misc_feat_alley,
          uniq_ijyb

Skill      XL: |  1  2  3 |
---------------+----------+-----
Axes           | 3 4 |  4.4
Fighting       | 4 |  4.3
Armour         | |  3.8
Shields        | |  3.9

Action                     |  1- 3 |  4- 6 || total
---------------------------+-------+-------++-------
  Melee: War axe           |    93 |    14 ||   107
    Use: Scroll            |     1 |       ||     1
         Potion            |       |     1 ||     1
 Armour: Scale mail        |    41 |    13 ||    54
  Dodge: Dodged            |    43 |    12 ||    55
  Block: Buckler           |    22 |    11 ||    33
